 Dungeon Crawl Stone Soup version 0.27-a0-1332-g84bddb5ca7 (webtiles) character file.

Game seed: 4865830069561678110

59 Brandom the Sneak (level 3, -2/30 HPs)
             Began as a Demonspawn Delver on June 25, 2021.
             Slain by an ogre (17 damage)
             ... on level 5 of the Dungeon.
             The game lasted 00:00:48 (101 turns).

Brandom the Sneak (Demonspawn Delver)                Turns: 101, Time: 00:00:48

Health: -2/30      AC:  3    Str: 13    XL:     3   Next: 78%
Magic:  3/3        EV: 12    Int: 11    God:
Gold:   12         SH:  0    Dex: 14    Spells: 2/2 levels left

rFire    . . .     SeeInvis .   a - +0 falchion
rCold    . . .     Faith    .   (no shield)
rNeg     . . .     Spirit   .   b - +0 leather armour
rPois    .         Reflect  .   (no helmet)
rElec    .         Harm     .   (no cloak)
rCorr    .         Rampage  .   (no gloves)
Will     .....                  (no boots)
Stlth    ++........             (no amulet)
HPRegen  0.10/turn              (no ring)
MPRegen  0.08/turn              (no ring)

@: no status effects
A: hooves 1, ignite blood 1
a: no special abilities


You were on level 5 of the Dungeon.
You visited 1 branch of the dungeon, and saw 1 of its levels.

You collected 12 gold pieces.

Inventory:

Hand Weapons
 a - a +0 falchion (weapon)
Armour
 b - a +0 leather armour (worn)
Wands
 v - a wand of digging (3)
Scrolls
 c - a scroll of fog
 d - a scroll of magic mapping
 e - a scroll of fear
Potions
 f - a potion of haste {@q3}


   Skills:
 * Level 3.6 Fighting
 * Level 2.5 Long Blades
 + Level 1.1 Armour
 + Level 2.2 Dodging
 - Level 4.5 Stealth


You had 2 spell levels left.
You didn't know any spells.
Your spell library was empty.

Dungeon Overview and Level Annotations

Branches:
Dungeon (5/15)
 Temple: D:4-7

Altars:


Innate Abilities, Weirdness & Mutations

You have large cloven feet.
Your demonic aura sometimes causes spilled blood to erupt in flames.


Message History

Found 12 gold pieces.
You now have 12 gold pieces.
A bullfrog comes into view.
The bullfrog gives a loud, deep croak!
Found a hardcover book.
An iguana comes into view.
The bullfrog barely misses you.
You barely miss the bullfrog. The bullfrog barely misses you.
You riposte.
The iguana hisses angrily.
You hit the bullfrog. You hit the bullfrog. The bullfrog misses you.
The bullfrog closely misses you.
You barely miss the bullfrog.
The bullfrog swells and bulges.
The bullfrog barely misses you. x2; You riposte.
You hit the bullfrog. You hit the bullfrog. The bullfrog closely misses you.
The bullfrog barely misses you.
You slash the bullfrog!
You kill the bullfrog!
Your Long Blades skill increases to level 2!
Your Armour skill increases to level 1!
Your Dodging skill increases to level 2!
You have reached level 2!
Your demonic ancestry asserts itself...
Your blood heats up.
You have reached level 3!
Your experience leads to an increase in your attributes!
Increase (S)trength, (I)ntelligence, or (D)exterity?
You feel stronger.
You feel monstrous as your demonic heritage exerts itself.
Your demonic ancestry asserts itself...
Your feet thicken and deform.
The iguana bites you!
Found a whip.
The iguana closely misses you.
You riposte.
You barely miss the iguana. You kick the iguana, but do no damage.
You see here a book of Debilitation.
The iguana misses you. The iguana completely misses you. The iguana bites you!
* * * LOW HITPOINT WARNING * * *
The iguana completely misses you.
You see here a book of Debilitation.
Found a flail.
Found 8 gold pieces.
An ogre comes into view. It is wielding a +0 giant club.
The ogre shouts!
Found a scroll labelled WITTEGY ULAS.
The ogre hits you with a +0 giant club!
Ouch! That really hurt!
You die...

#...#....###........
#...#...####........
#..:#...###.........
#........#.......$..
#...........).......
#...................
#...................
#.......lO..........
#.......@...........
##..................
#..................
##.................
##.................
##.#................
##.##................
##.##.................
##.###.............


You could see an ogre and an iguana.

Vanquished Creatures
  A bullfrog (D:5)
1 creature vanquished.

Notes
Turn   | Place    | Note
-------+----------+-------------------------------------------
     0 | D:5      | Brandom the Demonspawn Delver began the quest for the Orb.
     0 | D:5      | Reached XP level 1. HP: 18/18 MP: 1/1
    47 | D:5      | Noticed a bullfrog
    49 | D:5      | Noticed an iguana
    54 | D:5      | Killed a bullfrog
    55 | D:5      | Reached skill level 1 in Armour
    55 | D:5      | Gained mutation: Your demonic aura sometimes causes spilled
                  | blood to erupt in flames. [demonic ancestry]
    55 | D:5      | Reached XP level 2. HP: 25/25 MP: 2/2
    55 | D:5      | Gained mutation: You have large cloven feet. [demonic
                  | ancestry]
    55 | D:5      | Reached XP level 3. HP: 30/30 MP: 3/3
    92 | D:5      | Noticed an ogre
   101 | D:5      | Slain by an ogre

Illustrated notes

Levels and vault maps discovered:
D:5:      layout_layer_cave

Skill      XL: |  1 |
---------------+----+-----
Long Blades    | 2 |  2.5
Armour         | 1 |  1.1
Dodging        | 2 |  2.2
Fighting       | |  3.6
Stealth        | |  4.5

Action                   || total
-------------------------++-------
Melee: Falchion          ||     5
       Kick              ||     1
Dodge: Dodged            ||    12
       Rpst.: Falchion   ||     3

Table legend: (Time is in decaauts)
 A = Elapsed time spent in this place.
 B = Non-inter-level travel time spent in this place.
 C = Inter-level travel time spent in this place.
 D = Time resting spent in this place.
 E = Time spent auto-exploring this place.
 F = Levels seen in this place.
 G = Mean time per level.
                   A        B        C        D        E       F      G
               +--------+--------+--------+--------+--------+-----+--------+
         Total |    102 |    102 |      0 |      0 |     46 |   1 |  102.0 |
       Dungeon |    102 |    102 |      0 |      0 |     46 |   1 |  102.0 |
               +--------+--------+--------+--------+--------+-----+--------+

Top non-repeatable levels by time:
     D:5: 102 daAuts
